Map: Lerilak Crest

Players

LilDicky - Winner!

  • Race: Terran Terran
  • League: Diamond

dashakh

  • Race: Zerg Zerg
  • League: Diamond

VOD

http://www.twitch.tv/tumescentpie

Description

Time

  • Played on: Dec. 8, 2015, 12:13 p.m.
  • Length: 19:37
Show
View Real Time Build Order
Export as new Build Order

LilDicky Terran - Winner!

Build Orders: Command Center First (CC), Mech 

Get SALT Encoding   

  12  0:02  SCV  
  13  0:14  SCV  
  13  0:18  Supply Depot  
  14  0:26  SCV  
  15  0:40  SCV  
  16  0:52  SCV  
  17  1:02  Command Center  
  17  1:05  SCV  
  18  1:17  SCV  
  19  1:21  Barracks  
  19  1:29  SCV  
  20  1:41  SCV  
  21  1:55  SCV  
  22  2:01  Refinery  
  22  2:08  Orbital Command  
  22  2:11  Marine  
  22  2:14  Orbital Command  
  23  2:17  Bunker  
  23  2:31  Refinery  
  23  2:32  Marine  
  24  2:40  SCV  
  24  2:41  SCV  
  26  2:50  Marine  
  27  2:52  SCV  
  28  3:03  SCV  
  28  3:04  Supply Depot, SCV  
  28  3:05  Factory  
  30  3:08  Marine  
  30  3:09  Refinery  
  31  3:15  SCV  
  31  3:19  SCV  
  33  3:26  Marine  
  34  3:27  SCV  
  34  3:31  SCV  
  36  3:34  Command Center  
  36  3:39  SCV  
  37  3:43  SCV  
  37  3:44  Marine  
  37  3:48  Widow Mine  
  39  3:50  Starport  
  39  3:51  SCV  
  42  3:55  SCV  
  42  4:02  Marine  
  43  4:06  SCV  
  43  4:08  SCV  
  45  4:15  Refinery  
  46  4:26  Supply Depot  
  45  4:37  Marine  
  46  4:38  Supply Depot  
  46  4:45  Widow Mine  
  46  4:46  Medivac  
  50  4:53  Factory  
  50  4:54  Factory  
  44  5:11  SCV x2  
  44  5:12  Engineering Bay  
  46  5:15  SCV  
  46  5:16  Widow Mine  
  46  5:19  Starport Tech Lab  
  49  5:22  Medivac  
  51  5:30  Orbital Command  
  51  5:33  Marine  
  48  5:49  Bunker x2  
  48  5:50  Supply Depot  
  48  5:51  Factory Tech Lab  
  48  5:52  Factory Tech Lab  
  48  5:56  SCV  
  48  5:57  SCV x2  
  51  6:08  SCV  
  51  6:09  SCV  
  53  6:16  SCV, Bunker  
  54  6:21  SCV  
  54  6:23  Marine  
  54  6:24  Supply Depot  
  56  6:25  Factory Tech Lab  
  56  6:28  Factory Reactor  
  56  6:29  Starport Reactor  
  56  6:33  Siege Tank  
  56  6:34  Siege Tank  
  56  6:35  SCV x2  
  56  6:39  Barracks  
  64  6:40  Barracks  
  64  6:41  Barracks, Marine  
  64  6:42  Barracks  
  64  6:43  Barracks  
  65  6:53  Liberator x2  
  63  7:05  Marine  
  63  7:08  Siege Tank  
  63  7:09  Siege Tank  
  68  7:16  SCV x2  
  68  7:22  Widow Mine x2  
  69  7:23  Marine  
  68  7:36  Liberator  
  68  7:40  Barracks Tech Lab x2, Widow Mine  
  68  7:41  Barracks Reactor, Marine  
  68  7:42  Command Center, Barracks Reactor  
  68  7:43  Barracks Reactor  
  71  7:48  Terran Infantry Weapons Level 1  
  71  7:51  Siege Tank  
  71  7:53  Widow Mine  
  79  7:58  Marine  
  79  8:00  Marine x2  
  80  8:15  Combat Shields  
  80  8:16  Stimpack, Marine  
  80  8:17  Widow Mine x2  
  80  8:18  Marine x2  
  85  8:21  Medivac  
  85  8:23  SCV  
  85  8:24  SCV  
  89  8:29  Marine x4  
  89  8:30  Marine x2  
  95  8:34  Marine  
  95  8:35  Missile Turret  
  95  8:36  Marine x2  
  95  8:38  SCV  
  95  8:39  Missile Turret  
  99  8:44  Medivac  
  101  8:53  Supply Depot  
  101  8:54  SCV x2, Marine x7  
  101  8:55  Supply Depot  
  110  8:58  Orbital Command  
  110  9:03  SCV  
  110  9:06  SCV  
  113  9:10  SCV, Marine x2  
  113  9:12  Marine  
  113  9:15  SCV  
  117  9:18  Medivac x2  
  121  9:46  Marine x8  
  121  9:47  Widow Mine, Marine  
  132  9:58  Medivac, Widow Mine x2  
  132  9:59  Widow Mine  
  131  10:00  Medivac  
  131  10:05  Marauder x2  
  109  10:11  Liberator  
  109  10:12  Liberator  
  104  10:26  Marine x3  
  107  10:30  Marauder x2  
  117  10:41  Marine x2  
  110  10:49  Marine x2  
  109  10:50  Marine x2  
  109  10:52  Marauder x2  
  109  10:54  Liberator  
  116  10:59  Marine x3  
  116  11:00  SCV  
  116  11:01  SCV  
  121  11:07  Terran Infantry Armor Level 1, Marine x3, Orbital Command  
  121  11:08  Marine  
  121  11:10  Refinery  
  121  11:11  Refinery  
  125  11:12  SCV  
  125  11:13  SCV, Marauder  
  125  11:18  Marine, Widow Mine  
  132  11:19  Hellion, Marauder  
  132  11:20  Hellion x2  
  143  11:34  Marauder  
  145  11:40  Marauder  
  145  11:46  Widow Mine  
  147  11:58  Marine  
  148  12:09  Marauder  
  148  12:10  Marauder, Marine  
  107  12:31  Marine x2  
  107  12:32  Marauder  
  103  12:40  Marine  
  103  12:41  Marine x5  
  109  12:49  Marine x2  
  111  12:53  Marauder  
  111  12:58  Marine  
  113  12:59  Marauder, Marine x3  
  119  13:08  Supply Depot x2  
  119  13:09  Supply Depot  
  115  13:22  Widow Mine  
  115  13:23  Widow Mine x3  
  115  13:24  Command Center  
  123  13:31  Marine x2  
  124  14:06  Liberator  
  124  14:07  Liberator  
  124  14:09  Marine x2  
  126  14:13  Marine  
  126  14:16  Marine x2  
  133  14:17  Marauder x2  
  133  14:22  Marine  
  137  14:24  Marine  
  137  14:27  Marine  
  139  14:31  Marine x2  
  139  14:37  Barracks x2  
  139  14:38  Barracks x2, Marauder x2  
  139  14:40  Barracks  
  139  14:41  Barracks x3  
  139  14:43  Barracks  
  139  14:44  Barracks  
  139  14:48  Barracks  
  139  14:49  Marine  
  140  14:59  Marauder  
  140  15:00  Marauder  
  121  15:18  Marine  
  121  15:21  Marauder  
  102  15:30  Marine x2  
  102  15:32  Barracks Tech Lab x2  
  102  15:34  Liberator x2  
  102  15:35  Marine x2  
  81  15:45  Marine x2  
  81  15:46  Marine x2  
  81  15:47  Marauder x2  
  81  15:49  Marine  
  88  15:50  Marine x9  
  101  16:03  Marine x7  
  100  16:04  Barracks Tech Lab  
  100  16:06  SCV x2  
  100  16:07  Marine  
  100  16:08  Orbital Command, Marauder x4  
  100  16:11  Refinery  
  107  16:12  Refinery  
  107  16:16  Liberator, Marine  
  108  16:23  Command Center  
  108  16:29  Marauder  
  108  16:30  Marauder x3  
  116  16:39  Command Center  
  119  16:45  Marine  
  120  16:51  Marauder  
  83  17:01  Marine  
  83  17:02  Marine x16  
  83  17:03  Marine  
  100  17:09  Barracks Tech Lab  
  100  17:12  Starport, Marine  
  100  17:15  Starport, Liberator x2  
  100  17:19  Starport, Marine x2  
  100  17:20  Marauder x3  
  100  17:21  Marauder  
  100  17:22  Starport  
  107  17:29  Marine x2  
  99  17:30  Marauder x2, Marine x3  
  99  17:37  Marine  
  112  17:42  Marauder x4  
  121  17:45  Missile Turret  
  121  17:46  Planetary Fortress  
  121  17:49  Refinery, Orbital Command  
  121  17:51  Marauder  
  122  18:00  Viking x4  
  130  18:15  Viking  
  130  18:17  Widow Mine x2  
  130  18:18  Widow Mine x2  
  130  18:19  Refinery  
  139  18:37  Missile Turret  
  139  18:40  Refinery  
  129  18:45  Planetary Fortress  
Show
View Real Time Build Order
Export as new Build Order

dashakh Zerg 

Build Orders: 3 Hatch before Pool 

Get SALT Encoding   

  12  0:01  Drone  
  13  0:12  Overlord  
  13  0:17  Drone  
  14  0:31  Drone x2  
  14  0:34  Drone  
  17  0:45  Drone  
  18  0:57  Drone  
  19  1:03  Hatchery  
  18  1:08  Drone, Extractor  
  19  1:30  Drone x2  
  21  1:34  Hatchery  
  21  1:39  Drone  
  21  1:43  Extractor  
  19  1:49  Spawning Pool  
  19  1:53  Drone  
  19  2:08  Overlord  
  19  2:14  Drone  
  20  2:27  Drone  
  20  2:29  Drone x2  
  23  2:37  Queen  
  23  2:39  Queen  
  27  2:45  Queen  
  27  2:47  Drone  
  27  2:48  Metabolic Boost  
  30  2:54  Drone  
  30  2:57  Overlord  
  31  2:59  Drone  
  31  3:02  Drone  
  31  3:04  Drone  
  34  3:11  Zergling x4  
  34  3:12  Zergling x2  
  37  3:13  Zergling x2  
  38  3:20  Drone  
  38  3:25  Zergling x6  
  42  3:29  Baneling Nest  
  41  3:35  Drone  
  41  3:37  Extractor  
  41  3:41  Drone x2  
  43  3:53  Queen  
  43  3:55  Overlord  
  45  4:07  Drone x2  
  45  4:08  Drone  
  45  4:09  Overlord x2  
  48  4:12  Lair  
  48  4:16  Drone x2  
  48  4:17  Evolution Chamber, Drone  
  51  4:18  Evolution Chamber  
  49  4:40  Drone x6, Extractor  
  49  4:43  Zergling x4  
  49  4:44  Zergling x10  
  57  5:04  Baneling x6  
  57  5:08  Drone  
  57  5:09  Drone x2  
  57  5:11  Drone x4  
  57  5:12  Drone x2  
  66  5:14  Extractor  
  66  5:16  Extractor  
  66  5:19  Extractor  
  66  5:20  Zerg Melee Weapons Level 1  
  63  5:23  Zerg Ground Armor Level 1  
  53  5:45  Zergling x18  
  53  5:46  Zergling x18  
  71  5:55  Drone, Infestation Pit  
  71  6:02  Drone x2  
  73  6:18  Centrifical Hooks  
  73  6:20  Drone  
  73  6:23  Overlord x4  
  73  6:24  Overlord  
  74  6:33  Baneling  
  74  6:34  Baneling x7  
  74  6:39  Hive  
  72  6:55  Spore Crawler  
  56  7:17  Drone x3  
  56  7:18  Drone x5  
  56  7:20  Zerg Ground Armor Level 2, Zerg Melee Weapons Level 2  
  53  7:23  Drone  
  53  7:24  Drone x8  
  62  7:46  Spore Crawler  
  61  7:56  Overseer  
  61  7:59  Queen  
  57  8:07  Ultralisk Cavern  
  57  8:12  Drone  
  57  8:13  Drone x14  
  71  8:38  Adrenal Glands  
  71  9:01  Hydralisk Den  
  70  9:03  Ultralisk x3  
  70  9:04  Ultralisk x2, Zergling x6  
  70  9:05  Zergling x2  
  104  9:32  Baneling x8  
  104  9:34  Zergling x2  
  104  9:35  Zergling x22  
  113  9:50  Chitinous Plating  
  97  10:09  Muscular Augments  
  97  10:11  Drone  
  97  10:12  Drone x2  
  97  10:13  Hydralisk  
  97  10:14  Hydralisk x2  
  102  10:15  Overlord  
  102  10:16  Overlord x3  
  74  10:56  Ultralisk  
  98  10:57  Ultralisk x3  
  98  11:00  Ultralisk, Zergling x2  
  98  11:01  Zergling x20  
  98  11:03  Hatchery  
  114  11:17  Zergling x2  
  118  11:18  Zergling x20  
  125  11:28  Extractor  
  125  11:31  Extractor  
  115  11:35  Overseer  
  115  11:41  Baneling x10  
  115  11:42  Baneling  
  115  11:56  Zergling x2  
  115  11:57  Zergling x26  
  115  11:59  Zergling x2  
  130  12:04  Zergling x8  
  72  12:34  Overseer  
  72  12:35  Overseer x3  
  68  12:39  Zergling x2  
  68  12:40  Zergling x28  
  83  12:50  Viper x3  
  92  12:52  Viper x2  
  96  13:10  Zergling x18  
  96  13:11  Zergling x2  
  100  13:24  Ultralisk  
  100  13:25  Ultralisk x3  
  120  13:39  Zerg Melee Weapons Level 3  
  114  13:46  Zergling x6  
  114  13:47  Zergling x16  
  125  13:48  Baneling  
  125  13:49  Baneling x6  
  117  14:24  Drone x3  
  119  14:58  Hatchery  
  87  16:01  Zerg Ground Armor Level 3  
  87  16:02  Ultralisk  
  87  16:03  Ultralisk x6  
  129  16:05  Overlord x5  
  129  16:06  Overlord  
  111  16:22  Drone  
  111  16:23  Drone x12  
  124  16:27  Spore Crawler  
  123  16:41  Zergling x6  
  123  16:42  Zergling x6  
  109  17:05  Queen  
  105  17:12  Drone  
  106  17:33  Spire  
  106  17:35  Drone x2  
  106  17:36  Drone  
  108  17:38  Drone x2  
  108  17:39  Drone  
  111  18:11  Viper x5  
  119  19:09  Extractor  
  108  19:12  Hatchery, Extractor  
Tags
 
Add a new tag
Caveats
  • Supply blocks, unpowered buildings, or Contaminate may cause inaccurate times.
  • Supply counts are checked every 10 seconds.